 Dungeon Crawl Stone Soup version 0.31-a0-1363-g282adc679d (webtiles) character file.

Game seed: 13282480481553054559

113 James the Magician (level 4, -2/31 (34) HPs)
             Began as a Gnoll Wanderer on Dec 23, 2023.
             Slain by an orc
             ... wielding a +0 flail
              (9 damage)
             ... on level 2 of the Dungeon.
             The game lasted 00:08:13 (2165 turns).

James the Magician (Gnoll Wanderer)                 Turns: 2165, Time: 00:08:14

HP:   -2/31 (34)    AC:  3    Str: 13    XL:     4   Next: 96%
MP:   13/13         EV: 11    Int: 12    God:
Gold: 60            SH:  0    Dex: 11    Spells: 15/17 levels left

rFire   . . .        a - +2 long sword (holy)
rCold   . . .        (no shield)
rNeg    . . .        d - +0 robe
rPois   .            w - +1 hat
rElec   .            (no cloak)
rCorr   .            (no gloves)
SInv    .            (no boots)
Will    .....        (no amulet)
Stlth   ++           (no ring)
HPRegen 0.25/turn    (no ring)
MPRegen 0.13/turn

%: no passive effects
@: drained
A: fangs 1, strong nose, distributed training
a: no special abilities


You were on level 2 of the Dungeon.
You visited 1 branch of the dungeon, and saw 3 of its levels.

You collected 60 gold pieces.

Inventory:

Hand Weapons
 a - a +2 long sword of holy wrath (weapon)
   (You found it on level 2 of the Dungeon)
 b - a +0 short sword
   (You took it off a kobold on level 1 of the Dungeon)
 k - a +0 spear
   (You found it on level 1 of the Dungeon)
 q - a +0 sling
   (You took it off a goblin on level 2 of the Dungeon)
 u - a +0 dagger
Missiles
 g - 15 stones
 i - 18 poisoned darts (quivered)
 m - 2 atropa-tipped darts
Armour
 d - a +0 robe (worn)
 e - a +0 robe
   (You found it on level 1 of the Dungeon)
 f - a +0 ring mail
   (You found it on level 1 of the Dungeon)
 h - a +0 robe
   (You found it on level 1 of the Dungeon)
 v - a +0 ring mail
   (You found it on level 2 of the Dungeon)
 w - a +1 hat (worn)
   (You found it on level 2 of the Dungeon)
 y - a +0 ring mail
   (You took it off an orc on level 3 of the Dungeon)
Talismans
 n - a flux talisman
   (You found it on level 1 of the Dungeon)
Scrolls
 c - 2 scrolls of vulnerability {!r}
 l - a scroll of summoning {unknown}
 r - 3 scrolls of identify {unknown}
 s - a scroll of teleportation {unknown}
 t - a scroll of silence {unknown}
Potions
 j - a potion of heal wounds {unknown}
 o - a potion of invisibility {unknown}
 p - 3 potions of resistance {unknown}
 x - a potion of curing {unknown}


   Skills:
 + Level 2.9 Fighting
 + Level 1.3 Short Blades
 + Level 1.3 Long Blades
 + Level 1.3 Axes
 + Level 1.3 Maces & Flails
 + Level 1.3 Polearms
 + Level 1.3 Staves
 + Level 1.3 Ranged Weapons
 + Level 2.9 Throwing
 + Level 1.3 Armour
 + Level 1.3 Dodging
 + Level 4.3 Stealth
 + Level 1.3 Shields
 + Level 1.3 Unarmed Combat
 + Level 7.2 Spellcasting
 + Level 1.1 Conjurations
 + Level 1.1 Hexes
 + Level 1.1 Summonings
 + Level 1.1 Necromancy
 + Level 1.1 Translocations
 + Level 1.1 Fire Magic
 + Level 1.1 Ice Magic
 + Level 3.9 Air Magic
 + Level 1.1 Earth Magic
 + Level 1.1 Alchemy
 + Level 1.5 Invocations
 + Level 1.3 Evocations
 + Level 1.2 Shapeshifting


You had 15 spell levels left.
You knew the following spells:

 Your Spells              Type           Power      Damage    Failure   Level
a - Shock                 Conj/Air       40%        1d5       5%          1
b - Kiss of Death         Conj/Necr      28%        2d7       10%         1

Your spell library contained the following spells:

 Spells                   Type           Power      Damage    Failure   Level
 Magic Dart               Conj           28%        1d4       10%         1
 Mephitic Cloud           Conj/Alch/Air  9%         N/A       21%         3
 Inner Flame              Hex/Fire       7%         N/A       30%         3
 Tukima's Dance           Hex            7%         N/A       30%         3


Dungeon Overview and Level Annotations

Branches:
Dungeon (3/15)

Altars:

Annotations:
D:2 1 runed translucent door, Crazy Yiuf, Terence


Innate Abilities, Weirdness & Mutations

You have very sharp teeth.
Your uncanny sense of smell can sniff out nearby items.
Your experience applies equally to all skills.


Message History

The orc priest hits you with a +0 hand axe.
Your Conjurations skill increases to level 1!
Your Hexes skill increases to level 1!
Your Summonings skill increases to level 1!
Your Necromancy skill increases to level 1!
Your Translocations skill increases to level 1!
Your Fire Magic skill increases to level 1!
Your Ice Magic skill increases to level 1!
Your Earth Magic skill increases to level 1!
Your Alchemy skill increases to level 1!
Press: ? - help, Shift-Dir - straight line, f - orc priest
Aim: an orc priest, wielding a +0 hand axe (68% to hit)
Okay, then.
Unknown command.
The orc priest calls down the wrath of Beogh upon you.
Pain shoots through your body!
Press: ? - help, Shift-Dir - straight line, f - orc priest
Aim: an orc priest, wielding a +0 hand axe (100% to hit)
The negative energy hits the orc priest!
The orc priest is drained!
You feel drained.
The orc priest hits you but does no damage.
You closely miss the orc priest. Your bite misses the orc priest.
The orc priest misses you.
The orc priest invokes the aid of Beogh against you.
Beogh smites you!
* * * LOW HITPOINT WARNING * * *
You hit the orc priest.
The orc priest begins to cast a cantrip, but forgets the words!
You hit the orc priest.
You kill the orc priest!
You see here a +0 hand axe.
There is a stone staircase leading down here.
You start resting.
You climb downwards.
The orc barely misses you. The orc misses you.
The orc hits you with a +0 flail! The orc barely misses you.
The orc misses you.
There is a stone staircase leading up, spattered with blood here.
The orc hits you with a +0 flail. The orc closely misses you.
The orc hits you with a +0 short sword.
* * * LOW HITPOINT WARNING * * *
You climb upwards.
Level annotation: 1 runed translucent door, Crazy Yiuf, Terence
There is a stone staircase leading down here.
The orc closely misses you. The orc hits you with a +0 short sword.
* * * LOW HITPOINT WARNING * * *
You see here a +0 hand axe.
The orc hits you with a +0 flail!
* * * LOW HITPOINT WARNING * * *
You barely miss the orc. The orc hits you with a +0 flail!
You die...

......### #.#.# #.#
......# ####.#.# #.#
......# #....#.# #.#
......# #.####.# #.#
......#####.####.# #.#
................>###.#
#.#.######......o[...#
#.#.# #.....#o#####
#.#.# #.....#@# ..#.#
#.....#.# ###.#
#.....#.# ....#
#.....#.#
################.##
#.................#
#.............##..#
#.............##..###
#.##†............<..#


You could see 2 orcs.

Vanquished Creatures
  An orc priest (D:2)
  An orc wizard (D:2)
  2 adders
  A worm (D:2)
  A dart slug (D:1)
  2 orcs (D:3)
  3 ball pythons
  3 endoplasms
  2 giant cockroaches (D:1)
  3 hobgoblins
  4 kobolds (D:1)
  A bat (D:1)
  A frilled lizard (D:2)
  8 goblins
  3 rats
36 creatures vanquished.

Notes
Turn   | Place    | Note
-------+----------+-------------------------------------------
     0 | D:1      | James the Gnoll Wanderer began the quest for the Orb.
     0 | D:1      | James set off with the following items: a +0 dagger, 13
                  | poisoned darts, a scroll of vulnerability {!r}, a +0 robe;
                  | and the following spells available to memorise: Shock, Kiss
                  | of Death, Magic Dart, Mephitic Cloud, Inner Flame, Tukima's
                  | Dance.
     0 | D:1      | Reached XP level 1. HP: 17/17 MP: 8/8
     2 | D:1      | Learned a level 1 spell: Shock
     4 | D:1      | Learned a level 1 spell: Kiss of Death
   189 | D:1      | Reached XP level 2. HP: 23/23 MP: 10/10
   718 | D:2      | Reached XP level 3. HP: 28/28 MP: 11/11
   957 | D:2      | Found a runed translucent door.
   958 | D:2      | Noticed Crazy Yiuf
   973 | D:2      | Noticed Terence
  1102 | D:2      | Reached skill level 1 in Invocations
  1587 | D:3      | Reached skill level 1 in Short Blades
  1587 | D:3      | Reached skill level 1 in Long Blades
  1587 | D:3      | Reached skill level 1 in Axes
  1587 | D:3      | Reached skill level 1 in Maces & Flails
  1587 | D:3      | Reached skill level 1 in Polearms
  1587 | D:3      | Reached skill level 1 in Staves
  1587 | D:3      | Reached skill level 1 in Ranged Weapons
  1587 | D:3      | Reached skill level 1 in Armour
  1587 | D:3      | Reached skill level 1 in Dodging
  1587 | D:3      | Reached skill level 1 in Shields
  1587 | D:3      | Reached skill level 1 in Unarmed Combat
  1587 | D:3      | Reached skill level 1 in Evocations
  1977 | D:2      | Reached skill level 1 in Shapeshifting
  1977 | D:2      | Reached XP level 4. HP: 28/34 MP: 13/13
  2079 | D:2      | Reached skill level 1 in Conjurations
  2079 | D:2      | Reached skill level 1 in Hexes
  2079 | D:2      | Reached skill level 1 in Summonings
  2079 | D:2      | Reached skill level 1 in Necromancy
  2079 | D:2      | Reached skill level 1 in Translocations
  2079 | D:2      | Reached skill level 1 in Fire Magic
  2079 | D:2      | Reached skill level 1 in Ice Magic
  2079 | D:2      | Reached skill level 1 in Earth Magic
  2079 | D:2      | Reached skill level 1 in Alchemy
  2165 | D:2      | Slain by an orc

Illustrated notes

Levels and vault maps discovered:
D:1:      wander_arrival_chamber, layout_rooms
D:2:      layout_basic, uniq_terence, uniq_crazy_yiuf_cottage
D:3:      layout_basic, minmay_misc_feat_rugged, minivault_19,
          grunt_decor_fettered

Skill      XL: |  1  2  3  4 |
---------------+-------------+-----
Invocations    | 1 |  1.5
Short Blades   | 1 |  1.3
Long Blades    | 1 |  1.3
Axes           | 1 |  1.3
Maces & Flails | 1 |  1.3
Polearms       | 1 |  1.3
Staves         | 1 |  1.3
Ranged Weapons | 1 |  1.3
Armour         | 1 |  1.3
Dodging        | 1 |  1.3
Shields        | 1 |  1.3
Unarmed Combat | 1 |  1.3
Evocations     | 1 |  1.3
Shapeshifting  | 1 |  1.2
Conjurations   | 1 |  1.1
Hexes          | 1 |  1.1
Summonings     | 1 |  1.1
Necromancy     | 1 |  1.1
Translocations | 1 |  1.1
Fire Magic     | 1 |  1.1
Ice Magic      | 1 |  1.1
Earth Magic    | 1 |  1.1
Alchemy        | 1 |  1.1
Fighting       | |  2.9
Throwing       | |  2.9
Stealth        | |  4.3
Spellcasting   | |  7.2
Air Magic      | |  3.9

Action                     |  1- 3 |  4- 6 || total
---------------------------+-------+-------++-------
  Melee: Short sword       |    49 |       ||    49
         Punch             |     1 |       ||     1
         Long sword        |    49 |    10 ||    59
         Bite              |     5 |     2 ||     7
   Cast: Shock             |    32 |       ||    32
         Kiss of Death     |       |     1 ||     1
   Stab: Sleeping          |     5 |       ||     5
 Armour: Robe              |    56 |    12 ||    68
  Dodge: Dodged            |    68 |    10 ||    78

Table legend: (Time is in decaauts)
 A = Elapsed time spent in this place.
 B = Non-inter-level travel time spent in this place.
 C = Inter-level travel time spent in this place.
 D = Time resting spent in this place.
 E = Time spent auto-exploring this place.
 F = Levels seen in this place.
 G = Mean time per level.
                   A        B        C        D        E       F      G
               +--------+--------+--------+--------+--------+-----+--------+
         Total |   2187 |   1966 |    221 |    167 |   1118 |   3 |  729.0 |
       Dungeon |   2187 |   1966 |    221 |    167 |   1118 |   3 |  729.0 |
               +--------+--------+--------+--------+--------+-----+--------+

Top non-repeatable levels by time:
     D:2: 1234 daAuts
     D:1: 566 daAuts
     D:3: 387 daAuts
